Namu, neutral female human Ranger ---------- ##############################################-.......>| --------- #----------------------- --------# .......(.| |.......| #|.-..|..|..-....-..|..| |..|...|## +........-# |.......+# #|.| .|..|..|....|..|..+ |..|...|# # |h.......|# |.......|#######0###+.-----|----....----|------|-...|###a@........+# |....<..-###########|...........*..........[........| # ----------# |.......| # # #|.-------+--.......-|--------...| ### # --------- # ### #|.|..| |......{|....|.. |...| # # # # #..|..| |.......|....|...|...| ### # # ### #|.--|-------.......|.(_)|...-...| # # # # #|.............{....|....|...|...| ### # # ### #|.--------+--[---.----------|...| # #### --------.- # #|.|!"+.| |....|.| |((..|...| #### ------- |........|### #|.|=+"?| |(.((|.| |(((.-...| ##|......| |.........###########|.|.!..| |((((|.| |(((.|...| ##.......| |........| |.---|-----------.---+-------...| |......| ---------- |............)..................| ------- --------------------------------- Namu the Trailblazer Experience level: 8 Strength: 16 Dexterity: 14 Constitution: 15 Intelligence: 14 Wisdom: 13 Charisma: 8 Health: 0(54) Energy: 37(37) AC: 5 Gold: 475 Moves: 5000 Your Inventory: Coins $ - 475 gold pieces Weapons a - a blessed rustproof [+2] athame of reflection b - an uncursed +1 bow (alternate weapon; not wielded) c - 50 blessed +2 arrows (in quiver) d - 45 uncursed +0 arrows q - 8 uncursed +0 daggers r - a blessed rustproof [+1] athame of stealth z - a [cursed -1] dagger I - a [cursed +0] arrow P - an uncursed [+0] runed dagger [elven] Q - 28 [blessed +0] arrows Armor e - a blessed +2 cloak of displacement (being worn) g - an uncursed +0 pair of riding boots [kicking] (being worn) w - an uncursed +0 iron skull cap [orcish helm] (being worn) U - an [uncursed +0] chain mail [of telepathy] Comestibles h - 2 uncursed sprigs of wolfsbane M - an [uncursed] lembas wafer T - an [uncursed] food ration Scrolls l - an uncursed scroll labeled GARVEN DEH [of identify] G - 2 uncursed unlabeled scrolls [of blank paper] H - a blessed unlabeled scroll [of blank paper] R - a blessed scroll labeled ABRA KA DABRA [of enchant weapon] S - an [uncursed] scroll labeled VE FORBRYDERNE [of confuse monster] X - an uncursed scroll labeled FNORD [of gold detection] Potions k - a cursed golden potion [of confusion] y - an [uncursed] sky blue potion [of sickness] C - an [uncursed] effervescent potion [of restore ability] L - an uncursed bubbly potion [of object detection] Rings i - an uncursed quartz ring [of slow digestion] p - an uncursed bronze ring [of levitation] Wands K - an [uncursed] wand of striking [0:2] W - an uncursed quartz wand [of digging (0:6)] Tools t - an uncursed [+0] unicorn horn v - a cursed [magic] lamp x - 2 [uncursed wax] candles D - 2 [uncursed tallow] candles F - an [uncursed] stethoscope N - an uncursed [+0] pick-axe (weapon in hand) Gems f - an uncursed stone called luck named Thf Heart of Ahriman [luckstone] o - an uncursed gem called bla sf g3 [worthless glass] u - 2 uncursed gems called yb sf e [worthless glass] A - an uncursed gem called or s [worthless glass] B - an uncursed gem called vio s [worthless glass] E - an [uncursed] gem called gre s [worthless glass] J - an [uncursed] yellow gem [chrysoberyl] O - 3 uncursed gems called whi s [worthless glass] Y - an uncursed gem called blu s [worthless glass] Spells known in the end: Name Level Category Fail Memory Your skills at the end: Fighting Skills Weapon Skills dagger [Skilled / Expert] bow [Basic / Expert] Spellcasting Skills Final Attributes: You were piously aligned. Hunger level was 633. Your alignment was 33 / 35. Monster difficulty range was 0 - 6. Level difficulty was 5. You resisted poison. You were telepathic. You had automatic searching. You were displaced. You were stealthy. You were lucky (3). You had extra luck. Bad luck did not time out for you. Good luck did not time out for you. You are dead. Vanquished creatures: a winter wolf a small mimic 4 wolves a gnome king a dwarf mummy a yeti a gold golem a werewolf a dog a dingo a white unicorn a gnome mummy an imp a violet fungus 4 gnome lords 2 gnomish wizards a kobold mummy a black naga hatchling 4 elf zombies a paper golem a baby crocodile 2 giant ants a floating eye 7 dwarves a kobold lord a rothe 2 giant bats 3 iguanas an acid blob 2 gas spores 2 hobbits a hobgoblin 3 giant rats 42 gnomes 7 garter snakes a gecko 2 jackals a goblin 2 grid bugs 2 bats 2 lichens 5 newts 121 creatures vanquished. Voluntary challenges: You used a wielded weapon 122 times. You read items or engraved 11 times. You put on armor 11 times. You never genocided any monsters. You never polymorphed an object. You never changed form. You used no wishes. You wrote Elbereth's name 4 times. You never encountered a bones level. You never used any Sokoban shortcuts. Dungeon overview: The Dungeons of Doom: levels 1 to 2 Level 1 (altar) an altar, a fountain a long staircase Level 2 (vault) a scroll shop, an altar, a fountain stairs to The Gnomish Mines The Gnomish Mines: levels 3 to 8 Level 3 stairs to The Dungeons of Doom Level 5 <- You were here some shops, a temple to Venus, a magic chest, some fountains History has recorded: On T:1 you entered the Dungeons of Doom to retrieve the Amulet of Yendor! On T:340 you reached level 2 of The Dungeons of Doom. On T:464 you reached level 1 of The Gnomish Mines. On T:648 you advanced to experience level 2. On T:1101 you advanced to experience level 3. On T:1168 you reached level 2 of The Gnomish Mines. On T:1176 you advanced to experience level 4. On T:1247 you advanced to experience level 5. On T:1686 you advanced to experience level 6. On T:1809 you reached level 3 of The Gnomish Mines. On T:2215 you advanced to experience level 7. On T:2299 you received a rustproof athame of reflection from Venus. On T:2911 you reached level 4 of The Gnomish Mines. On T:3414 you received a rustproof athame of stealth from Venus. On T:3484 you advanced to experience level 8. On T:4354 you reached level 5 of The Gnomish Mines. On T:4510 you reached level 6 of The Gnomish Mines. Latest messages: You hit the dwarf. The dwarf swings her broad pick. The dwarf misses. You miss the dwarf. You hit the dwarf. The dwarf swings her broad pick. The dwarf hits! [HP-15=39] [2 turns] You miss the dwarf. The dwarf swings her broad pick. The dwarf misses. You miss the dwarf. You hit the dwarf. The dwarf swings her broad pick. The dwarf hits! The soldier ant just misses! The soldier ant stings! The soldier ant misses. The soldier ant stings! The soldier ant bites! The soldier ant stings! You die... Final status: Goodbye Namu the Ranger... You died in The Gnomish Mines on dungeon level 5 with 6596 points, and 475 pieces of gold, after 5000 moves. You were level 8 with a maximum of 54 hit points when you died.